 Dungeon Crawl Stone Soup version 0.30-a0-458-g86641cc (webtiles) character file.

Game seed: 758341985364791842

30051 Illumine the Grappler (level 13, -6/128 HPs)
             Began as a Troll Cinder Acolyte on Dec 13, 2022.
             Was an Initiate of Ignis.
             Mangled by a three-headed hydra (11 damage)
             ... on level 5 of the Lair of Beasts on Dec 14, 2022.
             The game lasted 00:33:38 (15151 turns).

Illumine the Grappler (Troll Cinder Acolyte)       Turns: 15151, Time: 00:33:38

Health: -6/128     AC:  6    Str: 29    XL:     13   Next: 18%
Magic:  16/16      EV:  9    Int: 10    God:    Ignis [......]
Gold:   1064       SH: 13    Dex:  5    Spells: 13/18 levels left

rFire   + + .      SeeInvis +    a - +4 falchion (flame)
rCold   + . .      Faith    .    C - +0 kite shield
rNeg    . . .      Spirit   .    K - +2 robe {Will+}
rPois   .          Reflect  +    (helmet restricted)
rElec   .          Harm     .    k - scarf {rC+ rF+}
rCorr   .          Rampage  .    (gloves unavailable)
Will    +....                    (boots unavailable)
Stlth   +.........               d - amulet of reflection
HPRegen 1.21/turn                I - ring of see invisible
MPRegen 0.15/turn                (no ring)

@: no status effects
A: large, unfitting armour, claws 3, regeneration 1, shaggy fur 1, tough skin 1
a: Renounce Religion


You were on level 5 of the Lair of Beasts.
You worshipped Ignis.
Ignis was noncommittal.
You visited 2 branches of the dungeon, and saw 15 of its levels.
You also visited: Sewer and Bailey.

You collected 1344 gold pieces.
You spent 280 gold pieces at shops.

Inventory:

Hand Weapons
 a - a +4 falchion of flaming (weapon)
 v - the +3 triple sword of Okawaru's Indignation {drain, rF+ Will- Int+2}
   (You found it in a bailey)

   A truly terrible weapon, it drains the life of any living foe it strikes.
   Int:       It affects your intelligence (+2).
   rF:        It protects you from fire.
   Will:      It decreases your willpower.
 J - the +5 long sword of Luneciqo {vorpal, rF++ Str+3}
   (You found it in a bailey)

   It inflicts extra damage upon your enemies.
   Str:       It affects your strength (+3).
   rF:        It greatly protects you from fire.
Missiles
 b - 2 boomerangs (quivered)
 f - a throwing net
 o - 19 poisoned darts
 r - 28 javelins
 H - 24 boomerangs of dispersal
Armour
 k - a scarf of resistance (worn)
 C - a +0 kite shield (worn)
 K - a +2 robe of willpower (worn)
Jewellery
 c - a ring of resist corrosion
 d - an amulet of reflection (around neck)
 h - a ring of willpower
 p - a ring of fire
 B - a ring of fire
 I - a ring of see invisible (left claw)
Wands
 t - a wand of flame (6)
 u - a wand of paralysis (15)
 w - a wand of polymorph (6)
Scrolls
 g - a scroll of silence
 n - 5 scrolls of poison
 q - a scroll of amnesia {unknown}
 s - 4 scrolls of blinking
 y - 4 scrolls of fog
 A - a scroll of enchant weapon
 D - 3 scrolls of vulnerability
 F - 2 scrolls of enchant armour
 G - a scroll of acquirement {unknown}
 L - 2 scrolls of immolation
 M - 2 scrolls of noise {unknown}
Potions
 e - 3 potions of attraction
 i - a potion of haste
 j - 3 potions of curing
 l - a potion of brilliance
 m - 4 potions of ambrosia
 x - 6 potions of flight
 z - a potion of magic
Miscellaneous
 N - a condenser vane


   Skills:
 + Level 8.7 Fighting
 - Level 2.4 Long Blades
 - Level 1.1 Throwing
 - Level 8.0 Dodging
 * Level 8.3 Shields
 + Level 13.3 Unarmed Combat
 - Level 3.0 Spellcasting
 - Level 3.0 Translocations
 - Level 4.1 Transmutations
 - Level 2.1 Fire Magic


You had 13 spell levels left.
You knew the following spells:

 Your Spells              Type           Power      Damage    Failure   Level
a - Scorch                Fire           10%        2d6       34%         2
b - Apportation           Tloc           14%        N/A       16%         1
c - Wereblood             Tmut           9%         N/A       16%         2

Your spell library contained the following spells:

 Spells                   Type           Power      Damage    Failure   Level
 Necrotise                Necr           4%         1d4       50%         1
 Shock                    Conj/Air       4%         1d3       50%         1
 Summon Small Mammal      Summ           4%         N/A       50%         1
 Sublimation of Blood     Necr           1%         N/A       63%         2
 Frozen Ramparts          Ice            2%         1d1       86%         3
 Swiftness                Air            1%         N/A       86%         3
 Ice Form                 Ice/Tmut       5%         N/A       94%         4
 Airstrike                Air            0%         2d(1-17)  99%         4
 Summon Ice Beast         Ice/Summ       1%         N/A       99%         4
 Summon Hydra             Summ           0%         N/A       100%        7


Dungeon Overview and Level Annotations

Branches:
Dungeon (10/15)            Temple (0/1) D:4            Lair (5/5) D:10
  Swamp (0/4) Lair:2        Snake (0/4) Lair:3          Orc (0/2) D:10
  Sewer (visited)          Bailey (visited)
  Slime: Lair:4-5

Altars:
Dithmenos
Elyvilon
Fedhas
Gozag
Hepliaklqana
Makhleb
Sif Muna
Trog
Uskayaw
Vehumet
Wu Jian
Xom
Yredelemnul
Zin
The Shining One

Shops:
D:1 (   D:8 [   D:9 :

Annotations:
D:3 1 runed translucent door


Innate Abilities, Weirdness & Mutations

You are too large for most types of armour.
You have claws for hands.
Your natural rate of healing is unusually fast.
You are covered in fur. (AC +1)
You have tough skin. (AC +1)


Message History

The three-headed hydra is severely wounded.
The three-headed hydra bites you but does no damage.
You block the three-headed hydra's attack. x2
The three-headed hydra bites you but does no damage.
You block the three-headed hydra's attack. x2
You hit the three-headed hydra but do no damage.
The three-headed hydra is severely wounded.
The three-headed hydra bites you but does no damage.
You block the three-headed hydra's attack. x2
Unknown command.
You barely miss the three-headed hydra.
The three-headed hydra is severely wounded.
The three-headed hydra is no longer covered in acid.
You block the three-headed hydra's attack.
The three-headed hydra bites you!
* * * LOW HITPOINT WARNING * * *
The three-headed hydra bites you.
* * * LOW HITPOINT WARNING * * *
Aiming: Corrosive Bolt
Press: ? - help, Shift-Dir - straight line, f/p - three-headed hydra
Aim: a three-headed hydra (severely wounded, 90% to hit)
The bolt of acid hits the three-headed hydra!
The acid corrodes the three-headed hydra!
The three-headed hydra is almost dead.
The three-headed hydra bites you.
* * * LOW HITPOINT WARNING * * *
The three-headed hydra bites you!
* * * LOW HITPOINT WARNING * * *
The three-headed hydra bites you but does no damage.
Aiming: Corrosive Bolt
Press: ? - help, Shift-Dir - straight line, f/p - three-headed hydra
Aim: a three-headed hydra (almost dead, covered in acid, 90% to hit)
The bolt of acid hits the three-headed hydra!
The three-headed hydra seems to be corroded for longer.
The three-headed hydra is almost dead.
The now-empty wand crumbles to dust.
You block the three-headed hydra's attack.
The three-headed hydra closely misses you.
The three-headed hydra bites you!
You die...

.........P.
....P..........
#....##.........
#...##..........
######............... .
#..#.................
...#PP..................
.......P................
......D@P...............
.....###................
... ##............... .
#.##P...........
####............
##...........
####........ ####...##
#.###


You could see a three-headed hydra (corroded).

Vanquished Creatures
  2 hydras
  A two-headed ogre (D:6)
  4 death yaks (Lair:4)
  A deep elf pyromancer (D:9)
  Pikel (D:7)
  2 manticores
  3 black mambas
  A torpor snail (Lair:5)
  6 cane toads
  A gargoyle (D:8)
  2 rime drakes (Lair:3)
  4 komodo dragons
  3 trolls
  3 wind drakes (Lair:5)
  A polar bear (Lair:5)
  A snapping turtle (Lair:5)
  13 wyverns
  8 basilisks
  A wraith (D:10)
  40 yaks
  A steam dragon (Lair:5)
  4 nagas (Lair:3)
  15 water moccasins
  A hell hound (Lair:2)
  2 black bears
  15 orc warriors
  2 ice beasts
  An ogre (D:7)
  5 wolves (Lair:2)
  16 centaurs
  2 phantoms (D:5)
  4 kobold brigands
  13 bullfrogs
  A gnoll sergeant (D:10)
  4 necrophages
  5 killer bees (D:10)
  2 electric eels (Lair:2)
  A howler monkey (D:9)
  3 hounds
  3 jellies (D:5)
  4 orc priests
  An iguana (D:5)
  11 orc wizards
  7 hell rats
  12 gnolls
  19 adders
  A shadow imp (D:5)
  3 white imps
  2 ufetubi
  3 worms
  48 orcs
  4 bats (D:2)
  5 endoplasms
  9 giant cockroaches
  11 goblins
  4 hobgoblins
  10 quokkas
  16 ball pythons
  12 frilled lizards
  22 kobolds
  8 rats
410 creatures vanquished.

Vanquished Creatures (others)
  A manticore (Lair:5)
  A kobold (D:9)
  21 foxfires (Bailey)
  31 fungi
  45 plants
99 creatures vanquished.

Grand Total: 509 creatures vanquished

Notes
Turn   | Place    | Note
-------+----------+-------------------------------------------
     0 | D:1      | Illumine the Troll Cinder Acolyte began the quest for the
                  | Orb.
     0 | D:1      | Reached XP level 1. HP: 22/22 MP: 1/1
    65 | D:1      | Found a faded altar of an unknown god.
   116 | D:1      | Found Xejanof's Antique Weapon Shoppe.
   261 | D:1      | You fall into a shaft and drop 1 floor!
   290 | D:2      | Reached skill level 1 in Unarmed Combat
   299 | D:1      | Reached XP level 2. HP: 29/29 MP: 2/2
   731 | D:2      | Reached XP level 3. HP: 36/36 MP: 3/3
   740 | D:2      | Learned a level 2 spell: Scorch
   795 | D:2      | Reached skill level 1 in Dodging
   795 | D:2      | Reached skill level 2 in Unarmed Combat
  1302 | D:3      | Reached XP level 4. HP: 44/44 MP: 4/4
  1572 | D:3      | Found a runed translucent door.
  1572 | D:3      | Noticed a human
  1575 | D:3      | Found a basalt altar of Yredelemnul.
  1599 | D:3      | Found a shadowy altar of Dithmenos.
  2039 | D:3      | Reached skill level 3 in Unarmed Combat
  2251 | D:4      | Found a white marble altar of Elyvilon.
  2251 | D:4      | Found a glowing silver altar of Zin.
  2251 | D:4      | Found a glowing golden altar of the Shining One.
  2305 | D:4      | Reached XP level 5. HP: 31/53 MP: 5/5
  2426 | D:4      | Found a staircase to the Ecumenical Temple.
  2687 | D:5      | Entered Level 5 of the Dungeon
  2690 | D:5      | Noticed a phantom
  2699 | D:5      | Killed a phantom
  2733 | D:5      | Reached skill level 4 in Unarmed Combat
  2733 | D:5      | Reached XP level 6. HP: 57/61 MP: 6/6
  2771 | D:5      | Noticed a +0 short sword
  2771 | D:5      | Noticed a +0 dagger
  2772 | D:5      | Noticed a +0 short sword
  2772 | D:5      | Noticed a +0 spear
  2775 | D:5      | Noticed a +0 falchion
  2776 | D:5      | Noticed a +0 spear
  2776 | D:5      | Noticed a +0 falchion
  2776 | D:5      | Noticed a +0 dagger
  2804 | D:5      | Found a hide-covered altar of Uskayaw.
  2871 | D:5      | Reached skill level 5 in Unarmed Combat
  2873 | D:5      | Reached XP level 7. HP: 51/68 MP: 7/7
  2950 | D:5      | Found a shimmering altar of Xom.
  3267 | D:5      | Found a glowing drain.
  3273 | Sewer    | Entered a sewer
  3372 | Sewer    | Reached skill level 6 in Unarmed Combat
  3721 | D:6      | Reached XP level 8. HP: 56/79 MP: 8/8
  4156 | D:6      | Noticed a two-headed ogre
  4170 | D:6      | Reached skill level 1 in Shields
  4175 | D:6      | Killed a two-headed ogre
  4176 | D:6      | Reached skill level 5 in Fighting
  4176 | D:6      | Reached skill level 7 in Unarmed Combat
  4622 | D:6      | Found an opulent altar of Gozag.
  4935 | D:7      | Reached XP level 9. HP: 81/88 MP: 9/9
  4942 | D:7      | Reached skill level 8 in Unarmed Combat
  4996 | D:7      | Found a radiant altar of Vehumet.
  5065 | D:7      | Learned a level 1 spell: Apportation
  5508 | D:7      | Noticed Pikel
  5513 | D:7      | Killed Pikel
  5514 | D:7      | Reached skill level 5 in Dodging
  5542 | D:7      | Reached skill level 9 in Unarmed Combat
  5736 | D:8      | Found Yce Isu's Antique Armour Shop.
  5750 | D:8      | Bought an embroidered robe for 140 gold pieces
  5750 | D:8      | Bought an embroidered robe for 140 gold pieces
  6238 | D:8      | Reached XP level 10. HP: 76/98 MP: 10/10
  6544 | D:8      | Noticed a gargoyle
  6556 | D:8      | Killed a gargoyle
  6586 | D:8      | Found a faded altar of an unknown god.
  6587 | D:8      | Found a hazy altar of Hepliaklqana.
  6757 | D:9      | Reached skill level 10 in Unarmed Combat
  6773 | D:9      | Found a blossoming altar of Fedhas.
  6829 | D:9      | Noticed a deep elf pyromancer
  6838 | D:9      | Killed a deep elf pyromancer
  6883 | D:9      | Found a shimmering blue altar of Sif Muna.
  6893 | D:9      | Found Kolamecw's Book Boutique.
  7049 | D:9      | Reached skill level 5 in Shields
  7101 | D:9      | Found an ornate altar of the Wu Jian Council.
  7475 | D:10     | Entered Level 10 of the Dungeon
  7685 | D:10     | Found a flagged portal.
  7708 | Bailey   | Entered a bailey
  7908 | Bailey   | Reached skill level 11 in Unarmed Combat
  8088 | Bailey   | Reached skill level 1 in Throwing
  8161 | Bailey   | Reached XP level 11. HP: 68/109 MP: 11/11
  8297 | Bailey   | Identified the +3 triple sword of Okawaru's Indignation
                  | {drain, rF+ Will- Int+2}
  8299 | Bailey   | Identified the +5 long sword of Luneciqo {vorpal, rF++
                  | Str+3}
  8759 | D:10     | Found a burning altar of Makhleb.
  9027 | D:10     | Found a bloodstained altar of Trog.
  9058 | D:10     | Found a staircase to the Lair.
  9089 | Lair:1   | Entered Level 1 of the Lair of Beasts
  9089 | Lair:1   | You fall into a shaft and drop 1 floor!
  9093 | Lair:2   | Learned a level 2 spell: Wereblood
  9295 | Lair:2   | Reached skill level 1 in Transmutations
  9466 | Lair:2   | Found a staircase to the Swamp.
 10237 | Lair:3   | HP: 5/109 [black mamba (12)]
 10532 | Lair:2   | Reached skill level 1 in Translocations
 10747 | Lair:3   | Found a staircase to the Snake Pit.
 10875 | Lair:3   | Reached skill level 12 in Unarmed Combat
 11219 | Lair:3   | Noticed a four-headed hydra
 11239 | Lair:3   | Killed a one-headed hydra
 11341 | Lair:3   | Reached XP level 12. HP: 88/119 MP: 14/14
 12276 | Lair:4   | Noticed a four-headed hydra
 12294 | Lair:4   | Killed a one-headed hydra
 13762 | Lair:5   | Entered Level 5 of the Lair of Beasts
 13850 | Lair:5   | Noticed a death yak
 13850 | Lair:5   | Noticed a death yak
 13850 | Lair:5   | Noticed a death yak
 13850 | Lair:5   | Noticed a death yak
 13864 | Lair:4   | Killed a death yak
 13993 | Lair:4   | Killed a death yak
 14000 | Lair:4   | Killed a death yak
 14249 | Lair:5   | Reached skill level 13 in Unarmed Combat
 14257 | Lair:5   | HP: 2/120 [snapping turtle (17)]
 14739 | Lair:4   | Killed a death yak
 14747 | Lair:4   | Reached XP level 13. HP: 118/128 MP: 16/16
 15150 | Lair:5   | HP: 4/128 [three-headed hydra (8)]
 15151 | Lair:5   | Mangled by a three-headed hydra

Illustrated notes

Levels and vault maps discovered:
D:1:      dpeg_arrival_arbitrary_c, layout_rooms,
          hellmonk_ecumenical_altar_crossroads, serial_shops, shop
D:2:      layout_loops_ring, grunt_ministairs_14, serial_bayou_pond_b
D:3:      layout_loops_corners, grunt_dithmenos_smoke, dk_yredelemnul_ordeal,
          minmay_bisected
D:4:      layout_rooms, good_gods_mini_temple, minmay_temple_entry_grid,
          dk_noncrumbling_3
D:5:      layout_rooms, dk_xom_monty_hall, nicolae_uskayaw_en_pointe,
          gup_sewer_entry_spiral, chequers_serial_rivers_micro_a,
          hangedman_decor_points, minmay_misc_feat_five
D:6:      layout_basic, nicolae_gozag_cash_rules_everything_around_me,
          grunt_ministairs_1, minmay_misc_feat_plants
D:7:      layout_basic, kennysheep_mini, chequers_serial_rivers_micro_d,
          minmay_unpleasant_kobolds, uniq_pikel
D:8:      layout_basic, beargit_hepliaklqana_dungeon_heroes, serial_shops, shop,
          nicolae_titane
D:9:      layout_long_grid, fedhas_ov_isle_minmay, nicolae_wu_jian_wuxing_cycle,
          led_sif_pool, serial_shops, nicolae_shop_crystal
D:10:     layout_stronghold, bloody_makhleb, mainiacjoe_overflow_alcove_4,
          lair_entry_dummy, hiddenorc1_lemuel, lightli_bailey_entry_fortress
Lair:1:   layout_chaotic_city, infiniplex_staircase_pool, uniq_harold
Lair:2:   layout_cave_pods, minmay_swamp_entry_eels
Lair:3:   layout_small_grid, minmay_snake_entry_guardpost_small, special_room
          [special_room_mythical_zoo], lemuel_fruit_tree, serial_bayou_shore_b
Lair:4:   layout_layer_cave, cheibrodos_lair_reptile_den, grunt_megastairs_1
Lair:5:   gammafunk_lair_ancient_temple, layout_gridlike, slime_entry_1

Skill      XL: |  1  2  3  4  5  6  7  8  9 10 11 12 13 |
---------------+----------------------------------------+-----
Unarmed Combat | 1 2 3 4 5 6 7 9 11 12 13 | 13.3
Dodging        | 1 2 3 4 5 6 7 8 |  8.0
Fighting       | 3 4 5 6 7 8 |  8.7
Shields        | 2 4 5 6 7 8 |  8.3
Throwing       | 1 |  1.1
Transmutations | 3 4 |  4.1
Translocations | 1 3 |  3.0
Spellcasting   | 2 3 |  3.0
Long Blades    | |  2.4
Fire Magic     | |  2.1

Action                   |  1- 3 |  4- 6 |  7- 9 | 10-12 | 13-15 || total
-------------------------+-------+-------+-------+-------+-------++-------
Melee: Falchion          |    35 |       |       |    18 |     8 ||    61
       Unarmed           |    85 |   104 |   291 |   769 |    72 ||  1321
       Punch             |     1 |     2 |     3 |       |       ||     6
Throw: Throwing net      |       |       |     1 |       |       ||     1
       Boomerang         |       |       |       |    38 |    12 ||    50
 Cast: Scorch            |     1 |       |       |       |       ||     1
       Wereblood         |       |       |       |    11 |     2 ||    13
Invok: Fiery Armour      |       |       |     3 |     7 |       ||    10
       Foxfire Swarm     |       |       |       |     1 |       ||     1
       Rising Flame      |       |       |       |     1 |       ||     1
Evoke: Wand              |       |       |       |    69 |     4 ||    73
  Use: Scroll            |       |     5 |     5 |    22 |       ||    32
       Potion            |       |     1 |       |     9 |       ||    10
Armor: Robe              |    40 |    28 |    80 |   187 |    12 ||   347
       Skin              |       |       |       |    33 |       ||    33
Dodge: Dodged            |    44 |    34 |    91 |   274 |    22 ||   465
Block: Other             |    24 |    14 |    24 |       |       ||    62
       Reflection        |     2 |       |     6 |    24 |     3 ||    35
       Kite shield       |       |       |   106 |   581 |    58 ||   745

Table legend: (Time is in decaauts)
 A = Elapsed time spent in this place.
 B = Non-inter-level travel time spent in this place.
 C = Inter-level travel time spent in this place.
 D = Time resting spent in this place.
 E = Time spent auto-exploring this place.
 F = Levels seen in this place.
 G = Mean time per level.
                   A        B        C        D        E       F      G
               +--------+--------+--------+--------+--------+-----+--------+
         Total |  15071 |  14349 |    722 |   2069 |   8542 |  17 |  886.5 |
       Dungeon |   7906 |   7578 |    328 |    435 |   5490 |  10 |  790.6 |
          Lair |   6013 |   5619 |    394 |   1505 |   2764 |   5 | 1202.6 |
         Sewer |    261 |    261 |      0 |      0 |     20 |   1 |  261.0 |
        Bailey |    890 |    890 |      0 |    129 |    268 |   1 |  890.0 |
               +--------+--------+--------+--------+--------+-----+--------+

Top non-repeatable levels by time:
  Lair:4: 2306 daAuts
  Lair:2: 1628 daAuts
  Lair:3: 1542 daAuts
     D:6: 1241 daAuts
     D:8: 1015 daAuts
     D:3: 1002 daAuts
  Bailey: 890 daAuts
     D:9: 826 daAuts
     D:7: 798 daAuts
     D:5: 686 daAuts
    D:10: 652 daAuts
     D:2: 635 daAuts
     D:1: 552 daAuts
  Lair:5: 535 daAuts
     D:4: 494 daAuts
